 Dungeon Crawl Stone Soup version 0.29-a0-214-g17f627cfee (webtiles) character file.

Game seed: 3564347242435296540

81 mcwallace the Chopper (level 4, 0/28 HPs)
             Began as a Tengu Monk on Feb 24, 2022.
             Slain by Grinder (4 damage)
             ... on level 3 of the Dungeon.
             The game lasted 00:03:42 (2538 turns).

mcwallace the Chopper (Tengu Monk)                  Turns: 2538, Time: 00:03:43

Health: 0/28       AC:  9    Str: 11    XL:     4   Next: 42%
Magic:  6/6        EV: 13    Int: 11    God:
Gold:   69         SH:  4    Dex: 18    Spells: 5/5 levels left

rFire   . . .      SeeInvis .   d - +0 dagger (protect) {short}
rCold   + + .      Faith    .   q - +0 buckler
rNeg    . . .      Spirit   .   b - +0 robe
rPois   .          Reflect  .   (helmet restricted)
rElec   .          Harm     .   (no cloak)
rCorr   .          Rampage  .   (no gloves)
Will    .....                   (boots unavailable)
Stlth   ++........              (no amulet)
HPRegen 0.09/turn               g - ring of protection from cold
MPRegen 0.10/turn               t - ring of protection from cold

@: under a protective aura
A: beak, talons 3
a: no special abilities


You were on level 3 of the Dungeon.
You visited 1 branch of the dungeon, and saw 3 of its levels.

You collected 69 gold pieces.


Innate Abilities, Weirdness & Mutations

You have a beak for a mouth.
You have claws for feet.


   Skills:
 + Level 3.4 Fighting
 + Level 3.7 Axes
 + Level 1.3 Armour
 + Level 3.7 Dodging
 + Level 2.6 Stealth
 + Level 0.3 Shields
 + Level 1.1 Spellcasting


You had 5 spell levels left.
You didn't know any spells.
Your spell library was empty.

Inventory:

Hand Weapons
 a - a +0 hand axe {axe}
 d - a +0 dagger of protection (weapon) {short}
   (You took it off a kobold on level 1 of the Dungeon)
Missiles
 e - 67 stones (quivered) {throwing}
Armour
 b - a +0 robe (worn)
 n - a +0 robe
   (You found it on level 1 of the Dungeon)
 p - a +0 robe
   (You found it on level 2 of the Dungeon)
 q - a +0 buckler (worn)
   (You found it on level 2 of the Dungeon)
Magical Staves
 m - a staff of death {!astaff}
   (You found it on level 1 of the Dungeon)
Jewellery
 g - a ring of protection from cold (left hand)
   (You found it on level 1 of the Dungeon)
 t - a ring of protection from cold (right hand)
   (You found it on level 2 of the Dungeon)
Scrolls
 c - a scroll of silence {unknown}
 h - a scroll of torment {unknown}
 k - 2 scrolls of blinking {unknown}
 l - a scroll of enchant armour {unknown}
 o - a scroll of identify {unknown}
 r - a scroll of noise {unknown}
 s - 2 scrolls of teleportation {unknown}
 u - a scroll of amnesia {unknown}
Potions
 f - a potion of attraction {unknown}
 i - a potion of degeneration {unknown}
 j - 2 potions of haste {unknown}

Dungeon Overview and Level Annotations

Branches:
Dungeon (3/15)

Altars:

Annotations:
D:2 Sigmund
D:3 Grinder

#.....# ###.### # #.# #
#.# # #.# .. #######.#
#.## #.......# #
#####.########
#g@5..........
#g###.######## #g# #.#
#.# ###g# #)##.#.##
#.gg###.#.# #<##
###.....)..## ##.#
##..!....###.###g.######
#........# ##.#.#..g.<..
#........# ##g#########


You could see Grinder, a gnoll sergeant and 5 gnolls.


Message History

You take 8 damage, and now have 17/28 hp.
MASSIVE DAMAGE!! (PAUSE)
You barely miss the orc. You claw the orc.
You kill the orc!
The gnoll sergeant closely misses you. 😮 HP[+1]
There is a stone staircase leading up here.
The gnoll sergeant hits you from afar with a +0 trident.
You climb upwards.
Level annotation: Sigmund
There is a stone staircase leading down here. 😮 HP[-2]
You take 2 damage, and now have 16/28 hp.
You start resting. 😎 HP[+12]
Your hp is fully restored (28).
There is an open door here.
There is a stone staircase leading down here.
You climb downwards.
There is a stone staircase leading up here.
There is a shaft here.
Found a stone staircase leading down.
There is a stone staircase leading down here.
u - a scroll labelled LABAWK POIB You now have 69 gold pieces (gained 11).
A gnoll comes into view. It is wielding a +0 flail.
You see here a fuming dark potion.
Grinder comes into view.
Grinder shouts!
You hear a shout!
Grinder blinks!
The gnoll shouts!
Grinder blinks!
Grinder blinks!
Grinder misses you.
You hit Grinder but do no damage.
Your weapon exudes an aura of protection.
You claw Grinder. Grinder hits you but does no damage.
You hit Grinder but do no damage. Your peck misses Grinder.
Grinder grins, showing sharp teeth.
Grinder closely misses you.
You hit Grinder. Your kick misses Grinder.
Grinder says, "Just stop there for a second..."
Grinder hits you.
You writhe in agony. 😕 HP[-5]
You take 5 damage, and now have 23/28 hp.
Unknown command.
You hit Grinder but do no damage. You claw Grinder. Your peck misses Grinder.
Grinder gestures at you.
You suddenly lose the ability to move!
Grinder hits you.
You writhe in agony.
Grinder gestures at you.
You barely resist. Grinder hits you but does no damage.
You can move again. 😮 HP[-4]
You take 4 damage, and now have 19/28 hp.
Unknown command.
You hit Grinder but do no damage. You claw Grinder!
A gnoll comes into view. It is wielding a +0 spear.
Grinder hits you but does no damage.
The gnoll moves out of view.
You hit Grinder. You claw Grinder, but do no damage. Grinder hits you.
You writhe in agony.
* * * LOW HITPOINT WARNING * * *
😨 HP[-7]
You take 7 damage, and now have 12/28 hp.
MASSIVE DAMAGE!! (PAUSE)
You hit Grinder but do no damage. You claw Grinder. Grinder gestures at you.
You suddenly lose the ability to move!
Grinder hits you but does no damage.
You can move again.
Unknown command.
You hit Grinder. Your kick misses Grinder. Grinder closely misses you.
You hit Grinder. You peck Grinder. Grinder misses you.
You hit Grinder. Your kick misses Grinder. Your peck misses Grinder.
Grinder blinks!
You hit Grinder but do no damage. You claw Grinder. Grinder barely misses you.
The gnoll misses you. Grinder gestures at you.
You resist with significant effort.
You closely miss Grinder.
The gnoll shouts!
You claw Grinder. The gnoll closely misses you.
Grinder hits you but does no damage. 😨 HP[+1]
You hit Grinder but do no damage. Grinder hits you.
* * * LOW HITPOINT WARNING * * *
😨 HP[-2]
You take 2 damage, and now have 11/28 hp.
You closely miss Grinder. Your kick misses Grinder.
The gnoll barely misses you. Grinder hits you but does no damage.
The gnoll barely misses you.
You hit Grinder but do no damage. Your peck misses Grinder.
The gnoll sergeant barely misses you. The gnoll barely misses you.
Grinder misses you. You block the gnoll's attack.
You barely miss Grinder. Your kick misses Grinder.
The gnoll sergeant misses you. You block the gnoll's attack. Grinder hits you!
* * * LOW HITPOINT WARNING * * *
You writhe in agony.
You die...

Skill      XL: |  1  2  3 |
---------------+----------+-----
Armour         | 1 |  1.3
Spellcasting   | 1 |  1.1
Fighting       | |  3.4
Axes           | |  3.7
Dodging        | |  3.7
Stealth        | |  2.6
Shields        | |  0.3

Action                   |  1- 3 |  4- 6 || total
-------------------------+-------+-------++-------
Melee: Dagger            |    87 |    52 ||   139
       Hand axe          |    10 |       ||    10
       Kick              |    25 |    16 ||    41
       Peck              |     9 |     4 ||    13
       Punch             |     1 |       ||     1
 Stab: Sleeping          |     6 |     3 ||     9
Armor: Robe              |    47 |    10 ||    57
Dodge: Dodged            |    77 |    29 ||   106
Block: Buckler           |     1 |     9 ||    10

Levels and vault maps discovered:
D:1:      saegor_arrival_simple_d, layout_basic,
          chequers_ecumenical_altar_simple_redux
D:2:      layout_loops_corners, uniq_sigmund
D:3:      layout_loops_ring, uniq_crazy_yiuf_cottage, uniq_grinder

Notes
Turn   | Place    | Note
-------+----------+-------------------------------------------
     0 | D:1      | mcwallace the Tengu Monk began the quest for the Orb.
     0 | D:1      | Reached XP level 1. HP: 14/14 MP: 2/2
     0 | D:1      | magus.rc [v1.9.6]
   321 | D:1      | Reached XP level 2. HP: 14/19 MP: 3/3
   828 | D:1      | Reached XP level 3. HP: 23/23 MP: 3/5
   894 | D:1      | Found a faded altar of an unknown god.
  1060 | D:1      | Reached skill level 1 in Armour
  1131 | D:2      | Reached skill level 1 in Spellcasting
  1369 | D:2      | Reached XP level 4. HP: 15/28 MP: 6/6
  1616 | D:2      | Noticed Sigmund
  2282 | D:3      | Noticed a gnoll sergeant
  2510 | D:3      | Noticed Grinder
  2522 | D:3      | Paralysed by Grinder for 4 turns
  2528 | D:3      | Paralysed by Grinder for 2 turns
  2538 | D:3      | HP: 4/28 [Grinder (7)]
  2538 | D:3      | Slain by Grinder

Vanquished Creatures
  2 adders (D:2)
  4 dart slugs
  4 orcs (D:3)
  3 ball pythons (D:1)
  5 bats
  5 endoplasms
  2 giant cockroaches
  4 goblins
  7 hobgoblins
  2 jackals (D:1)
  3 kobolds (D:1)
  2 frilled lizards
  2 rats
45 creatures vanquished.

Table legend:
 A = Non-vault XP
 B = Vault XP
 C = Vault XP percentage of total XP
 D = Non-vault monster count
 E = Vault monster count
 F = Vault count percentage of total count
                 A         B        C        D         E       F
            +---------+---------+-------+---------+---------+-------
      Total |     117 |       0 |   0.0 |      45 |       0 |   0.0
            +---------+---------+-------+---------+---------+-------
        D:1 |      53 |       0 |   0.0 |      26 |       0 |   0.0
        D:2 |      52 |       0 |   0.0 |      15 |       0 |   0.0
        D:3 |      12 |       0 |   0.0 |       4 |       0 |   0.0
            +---------+---------+-------+---------+---------+-------

Illustrated notes

Table legend:
 A = Kills in this place as a percentage of kills in entire the game.
 B = Kills by you in this place as a percentage of kills by you in the entire game.
 C = Kills by friends in this place as a percentage of kills by friends in the entire game.
 D = Other kills in this place as a percentage of other kills in the entire game.
 E = Experience gained in this place as a percentage of experience gained in the entire game.
 F = Experience gained in this place divided by the number of levels of this place that you have seen.
                   A       B       C       D       E      F
               +-------+-------+-------+-------+-------+----------------------
         Total | 100.0 | 100.0 |   N/A |   N/A | 100.0 |  39.0
       Dungeon | 100.0 | 100.0 |   N/A |   N/A | 100.0 |  39.0
               +-------+-------+-------+-------+-------+----------------------

Table legend: (Time is in decaauts)
 A = Elapsed time spent in this place.
 B = Non-inter-level travel time spent in this place.
 C = Inter-level travel time spent in this place.
 D = Time resting spent in this place.
 E = Time spent auto-exploring this place.
 F = Levels seen in this place.
 G = Mean time per level.
                   A        B        C        D        E       F      G
               +--------+--------+--------+--------+--------+-----+--------+
         Total |   2542 |   2480 |     62 |    123 |   1900 |   3 |  847.3 |
       Dungeon |   2542 |   2480 |     62 |    123 |   1900 |   3 |  847.3 |
               +--------+--------+--------+--------+--------+-----+--------+

Top non-repeatable levels by time:
     D:2: 1266 daAuts
     D:1: 1128 daAuts
     D:3: 147 daAuts
